 Dungeon Sprint DCSS version 0.24-a0-640-ge7cd8ce796 (webtiles) character file.

Game seed: 18215125016983849282, levelgen mode: deterministic

612 FMitz the Fighter (level 7, 0/130 HPs)
             Began as an Ogre Fighter on Sept 24, 2019.
             Was an Initiate of Trog.
             Succumbed to Sonja's poison
             ... in the Dungeon (Sprint I: "Red Sonja").
             The game lasted 00:04:34 (778 turns).

FMitz the Fighter (Ogre Fighter)                     Turns: 778, Time: 00:04:35

Health: 0/130      AC:  3    Str: 26    XL:     7   Next: 44%
Magic:  7/7        EV: 12    Int:  9    God:    Trog [......]
Gold:   92         SH: 11    Dex: 10    Spells: 6/6 levels left

rFire    . . .     SeeInvis .   a - +0 flail
rCold    . . .     Gourm    .   c - +0 shield
rNeg     . . .     Faith    .   b - +0 robe
rPois    .         Spirit   .   (helmet restricted)
rElec    .         Reflect  .   (no cloak)
rCorr    .         Harm     .   (gloves unavailable)
MR       .....     NoTele   +   (boots unavailable)
Stlth    ..........             (no amulet)
HPRegen  0.31/turn              (no ring)
MPRegen  0.10/turn              (no ring)

@: berserking (expiring), lethally poisoned (0 -> -73), hasted and slowed
A: large, unfitting armour, tough skin 1
a: Renounce Religion


You were in the Dungeon.
You worshipped Trog.
Trog was noncommittal.
You were not hungry.

You visited 1 branch You collected 162 gold pieces.
You spent 70 gold pieces at shops.

Inventory:

Hand Weapons
 a - a +0 flail (weapon)
 d - a +0 giant club
Armour
 b - a +0 robe (worn)
 c - a +0 shield (worn)
Wands
 l - a wand of digging (4)
Scrolls
 k - a scroll of blinking
Potions
 e - a potion of curing
 g - a potion of heal wounds
 i - 2 potions of magic
Comestibles
 f - 2 rations


   Skills:
 + Level 10.8 Fighting
 + Level 7.4 Maces & Flails
 + Level 7.7 Dodging
 + Level 7.7 Shields


You had 6 spell levels left.
You didn't know any spells.
Your spell library was empty.

Dungeon Overview and Level Annotations

Branches:
Dungeon (1/1)

Altars:
Cheibriados
Dithmenos
Elyvilon
Fedhas
Gozag
Hepliaklqana
Kikubaaqudgha
Makhleb
Nemelex Xobeh
Okawaru
Qazlal
Ru
Sif Muna
Trog
Uskayaw
Vehumet
Wu Jian
Xom
Yredelemnul
Zin
The Shining One
Jiyva
Lugonu

Shops:
D %

Annotations:
D Sonja


Innate Abilities, Weirdness & Mutations

You are too large for most types of armour.
You have tough skin. (AC +1)


Message History

Sonja blinks!
You barely miss Sonja.
Sonja is moderately wounded.
* * * LOW HITPOINT WARNING * * *
You feel very sick. Sonja barely misses you. You block Sonja's attack.
Sonja hits you but does no damage.
You are more poisoned.
Sonja misses you. Sonja hits you but does no damage.
You are more poisoned.
Sonja hits you but does no damage.
You are more poisoned.
You sock Sonja!
Sonja is severely wounded.
* * * LOW HITPOINT WARNING * * *
You feel extremely sick.
Sonja drinks a potion.
Sonja is healed!
You completely miss Sonja.
Sonja is moderately wounded.
You die...

###################
#<.#..'..#..'..#__#
#..)..#..').#..'..+
#..#####'#####'#__#
#..####..# #[####
#..#__#### ##(#
#..#_____##+#_.+
#⌠⌠#_.∩..@K.(._#
####_..__##_.#+#
#_____###'#
#########.## +$.$+
#$.$# ##.## #+#


You could see Sonja.

Vanquished Creatures
  A slime creature (D)
  Sigmund (D)
  A yak (D)
  An ogre (D)
  A jelly (D)
  Ijyb (D)
6 creatures vanquished.

Notes
Turn   | Place    | Note
-------+----------+-------------------------------------------
     0 | D        | FMitz the Ogre Fighter began the quest for the Orb.
     0 | D        | Reached XP level 1. HP: 24/24 MP: 1/1
     1 | D        | Noticed Ijyb
    17 | D        | Killed Ijyb
    17 | D        | Reached skill level 5 in Fighting
    17 | D        | Reached XP level 2. HP: 12/35 MP: 2/2
    17 | D        | Reached XP level 3. HP: 15/42 MP: 3/3
   212 | D        | Noticed an ogre
   217 | D        | Killed an ogre
   217 | D        | Reached skill level 7 in Fighting
   217 | D        | Reached XP level 4. HP: 54/55 MP: 4/4
   228 | D        | Noticed Sigmund
   235 | D        | Killed Sigmund
   235 | D        | Reached skill level 9 in Fighting
   235 | D        | Reached skill level 5 in Maces & Flails
   235 | D        | Reached XP level 5. HP: 64/67 MP: 5/5
   235 | D        | Reached XP level 6. HP: 71/75 MP: 6/6
   244 | D        | Found an ornate altar of the Wu Jian Council.
   244 | D        | Found a shimmering blue altar of Sif Muna.
   246 | D        | Found a radiant altar of Vehumet.
   279 | D        | Found Nyoh's Food Emporium.
   279 | D        | Found an ancient bone altar of Kikubaaqudgha.
   279 | D        | Found a stormy altar of Qazlal.
   279 | D        | Found a blossoming altar of Fedhas.
   279 | D        | Found a bloodstained altar of Trog.
   279 | D        | Found an iron altar of Okawaru.
   279 | D        | Found a glowing golden altar of the Shining One.
   279 | D        | Found a glowing silver altar of Zin.
   279 | D        | Found a white marble altar of Elyvilon.
   279 | D        | Noticed a yak
   291 | D        | Killed a yak
   291 | D        | Reached skill level 10 in Fighting
   291 | D        | Reached XP level 7. HP: 56/85 MP: 7/7
   292 | D        | Found a hazy altar of Hepliaklqana.
   292 | D        | Found a hide-covered altar of Uskayaw.
   292 | D        | Found a basalt altar of Yredelemnul.
   292 | D        | Found an opulent altar of Gozag.
   292 | D        | Found a snail-covered altar of Cheibriados.
   292 | D        | Found a sacrificial altar of Ru.
   292 | D        | Found a shadowy altar of Dithmenos.
   411 | D        | Found a sparkling altar of Nemelex Xobeh.
   415 | D        | Bought a ration for 70 gold pieces
   420 | D        | Became a worshipper of Trog the Wrathful
   432 | D        | Found a viscous altar of Jiyva.
   432 | D        | Found a corrupted altar of Lugonu.
   432 | D        | Noticed a slime creature
   433 | D        | Found a burning altar of Makhleb.
   433 | D        | Found a shimmering altar of Xom.
   445 | D        | Killed a slime creature
   755 | D        | Noticed Sonja
   778 | D        | Succumbed to Sonja's poison

Levels and vault maps discovered:
D:        dungeon_sprint_1 [red_sonja_temple_1, red_sonja_temple_small_1]

Skill      XL: |  1  2  3  4  5  6  7 |
---------------+----------------------+-----
Fighting       | 5 7 9 10 | 10.8
Maces & Flails | 3 4 5 6 7 |  7.4
Dodging        | 3 4 6 7 |  7.7
Shields        | 3 4 6 7 |  7.7

Action                   |  1- 3 |  4- 6 |  7- 9 || total
-------------------------+-------+-------+-------++-------
Melee: Flail             |    18 |    19 |    25 ||    62
  Use: Potion            |     1 |       |     2 ||     3
Armor: Robe              |     4 |     1 |     2 ||     7
Dodge: Dodged            |     7 |     6 |    15 ||    28
Block: Shield            |     3 |     5 |    22 ||    30

Table legend:
 A = Non-vault XP
 B = Vault XP
 C = Vault XP percentage of total XP
 D = Non-vault monster count
 E = Vault monster count
 F = Vault count percentage of total count
                 A         B        C        D         E       F
            +---------+---------+-------+---------+---------+-------
      Total |       0 |     875 | 100.0 |       0 |       6 | 100.0
            +---------+---------+-------+---------+---------+-------
          D |       0 |     875 | 100.0 |       0 |       6 | 100.0
            +---------+---------+-------+---------+---------+-------
